 Dungeon Sprint DCSS version bcrawl-1.40.3b (webtiles) character file.

Game seed: 2711568623850574644

8900000 Groucho the Axe Maniac (level 27, -65/273 HPs)
             Began as a Djinni Warper on Dec 26, 2023.
             Was the Champion of Makhleb.
             Killed from afar by a wretched soul (71 damage)
             ... with a bolt of negative energy
             ... in the Dungeon (Sprint VIII: "Arena of Blood").
             The game lasted 00:02:56 (89 turns).

Groucho the Axe Maniac (Djinni Warper)                Turns: 89, Time: 00:02:57

Health: -65/273    AC:  4    Str: 14    XL:     27
Magic:  27/64      EV: 34    Int: 20    God:    Makhleb [******]
Gold:   0          SH:  0    Dex: 19    Spells: 78/80 levels left

rFire    + . .     GDR:     46% c - +∞ Axe of Woe
rCold    . . .     SeeInvis .   (shield currently unavailable)
rNeg     . . .     Gourm    .   b - +0 robe
rPois    .         Faith    .   (no helmet)
rElec    .         Spirit   .   (no cloak)
rCorr    .         Reflect  .   (no gloves)
MR       ++...     Rnd*Rage +   (boots unavailable) Stlth +++++++++.NoTele +
                                (no amulet)
HPRegen  0.55/turn              m - +30 ring of slaying
MPRegen  0.39/turn              (no ring)

@: flying, drained
A: never pass out, berserk 2, blink, blurry vision 2, fire resistance 1, hurl
hellfire, high mp 2, wild magic 3, disrupted magic 1, MP-powered wands, floating
a: Hurl Hellfire, Blink, Minor Destruction, Hew, Major Destruction, Greater
Servant of Makhleb, Renounce Religion


You were in the Dungeon.
You worshipped Makhleb.
Makhleb was exalted by your worship.
You were not hungry.

You visited 1 branch

Inventory:

Hand Weapons
 a - a +0 dagger
 c - the +∞ Axe of Woe (weapon)
   (You found it in the Dungeon)
Missiles
 f - 2 throwing nets {=f}
 g - 150 javelins (quivered)
Armour
 b - a +0 robe (worn)
Jewellery
 m - a +30 ring of slaying (left hand)
Scrolls
 d - 2 scrolls of blinking
Potions
 h - a potion of curing
 i - a potion of heal wounds
 j - a potion of haste
 k - 2 potions of magic
 l - a potion of berserk rage
Comestibles
 e - a ration {!d}


   Skills:
 O Level 27(25.5) Fighting
 O Level 27(25.5) Short Blades
 O Level 27(25.5) Axes
 O Level 27(25.5) Throwing
 O Level 27(25.5) Armour
 O Level 27(25.5) Dodging
 O Level 27(25.5) Stealth
 O Level 27(25.5) Unarmed Combat
 O Level 27(25.5) Spellcasting
 O Level 27(25.5) Translocations
 O Level 27(25.5) Invocations


You had 78 spell levels left.
You knew the following spells:

 Your Spells              Type           Power        Failure   Level  Hunger
a - Blink Other           Tloc           ######       1%          1    None
b - Apportation           Tloc           ######       1%          1    None

Your spell library contained the following spells:

 Spells                   Type           Power        Failure   Level  Hunger
 Blink                    Tloc           N/A          1%          2    None
 Portal Projectile        Tloc           ######       1%          3    None
 Teleport Other           Tloc           ########     1%          3    None
 Passage of Golubria      Tloc           N/A          1%          5    None


Dungeon Overview and Level Annotations

Branches:
Dungeon (1/1)

Altars:
Makhleb

Annotations:
D The Defiler


Innate Abilities, Weirdness & Mutations

You never pass out after going berserk.
You often lose your temper in combat.
You can translocate small distances at will.
Scrolls take you longer to read.
Your flesh is heat resistant. (rF+)
You can hurl hellfire.
You have a considerably increased reservoir of magic. (+20% MP)
Your spells are much harder to cast, but much more powerful.
Your casting is slightly disrupted.
You expend magic power (3 MP) to strengthen your wands.
Your body floats in the air.


Message History

The destroyer shouts!
The tyrant shouts!
The Defiler shouts!
The destroyer shouts!
You hear a shout! x3
An accursed comes into view.
A bolt of negative energy appears from out of thin air!
The bolt of negative energy misses you.
The eight-headed meat hydra calls on the powers of darkness!
The eight-headed meat hydra convulses!
The meat berserker convulses!
Your body is wracked with pain!
* * * LOW HITPOINT WARNING * * *
The bag of meat convulses!
The eight-headed meat hydra convulses!
The eight-headed meat hydra calls on the powers of darkness!
The eight-headed meat hydra convulses!
The bag of meat convulses!
The eight-headed meat hydra convulses!
The meat berserker convulses!
Your body is wracked with pain!
* * * LOW HITPOINT WARNING * * *
The Defiler convulses!
The tyrant gestures wildly while chanting.
A bolt of negative energy appears from out of thin air!
You feel drained. The bolt of negative energy hits you!!!
You die...

......... .
#......L# #.§
#..Xo...# .
....###..°....###...
......)%)###..%o...o
#....))))_...%..O..
.O...§)#))°).#......
.....☼☼#☼○○)_# .....
.......#))V%@#.....V
.#......){_D%)%..MO.
.........###)..%.{o.
....###... .D.###V..
.... #.D..X..# .D
#.......# ....L@...
.......X...
..........


You could see an accursed (wandering), 2 tyrants, 3 eight-headed meat hydras, 2
destroyers, 2 large abominations, The Defiler, a meat berserker (berserk) and a
bag of meat.

Vanquished Creatures
  A greater mummy (D)
  Harold (D)
  13 vampire knights (D)
  21 ogres (D)
  9 two-headed ogres (D)
  4 liches (D)
  A hydra (D)
  46 orcs (D)
  3 phantoms (D)
  4 skeletal warriors (D)
  4 large abominations (D)
  6 small abominations (D)
  6 crawling corpses (D)
119 creatures vanquished.

Vanquished Creatures (others)
  4 crawling corpses (D)
4 creatures vanquished.

Grand Total: 123 creatures vanquished

Notes
Turn   | Place    | Note
-------+----------+-------------------------------------------
     0 | D        | Found the +∞ Axe of Woe
     0 | D        | Groucho the Djinni Warper began the quest for the Orb.
     0 | D        | Reached XP level 1. HP: 17/17 MP: 4/4
     2 | D        | Noticed a bag of meat
     3 | D        | Noticed a bag of meat
     4 | D        | Became a worshipper of Makhleb the Destroyer
     4 | D        | Noticed a bag of meat
     6 | D        | Noticed a meat berserker
     7 | D        | Killed a bag of meat
     7 | D        | Noticed a meat berserker
     7 | D        | Noticed a meat berserker
     7 | D        | Noticed a bag of meat
     8 | D        | Reached skill level 10 in Dodging
     8 | D        | Reached skill level 15 in Spellcasting
     8 | D        | Reached XP level 2. HP: 41/41 MP: 4/18
     8 | D        | Reached XP level 3. HP: 48/48 MP: 4/19
     8 | D        | Gained mutation: Your spells are harder to cast, but more
                  | powerful. [Djinni growth]
     8 | D        | Gained mutation: You can translocate small distances at
                  | will. [Djinni growth]
     8 | D        | Reached XP level 4. HP: 56/56 MP: 4/21
     8 | D        | Reached XP level 5. HP: 62/62 MP: 4/22
     8 | D        | Reached XP level 6. HP: 70/70 MP: 4/24
     8 | D        | Reached XP level 7. HP: 77/77 MP: 4/25
     8 | D        | Gained mutation: Your spells are much harder to cast, but
                  | much more powerful. [Djinni growth]
     8 | D        | Reached XP level 8. HP: 83/83 MP: 4/27
     8 | D        | Reached XP level 9. HP: 90/90 MP: 4/28
     8 | D        | Reached XP level 10. HP: 97/97 MP: 4/29
     8 | D        | Reached XP level 11. HP: 104/104 MP: 4/30
     8 | D        | Killed a bag of meat
     8 | D        | Reached * piety under Makhleb
     8 | D        | Noticed a bag of meat
     8 | D        | Noticed a bag of meat
     8 | D        | Noticed a meat berserker
     9 | D        | Gained mutation: Your casting is slightly disrupted.
                  | [Djinni growth]
     9 | D        | Gained mutation: Your flesh is heat resistant. (rF+)
                  | [Djinni growth]
     9 | D        | Gained mutation: You have an increased reservoir of magic.
                  | (+10% MP) [Djinni growth]
     9 | D        | Gained mutation: You have a considerably increased
                  | reservoir of magic. (+20% MP) [Djinni growth]
     9 | D        | Reached XP level 12. HP: 95/112 MP: 4/37
     9 | D        | Killed a meat berserker
     9 | D        | Noticed a bag of meat
    10 | D        | Reached XP level 13. HP: 60/118 MP: 4/38
    10 | D        | Reached XP level 14. HP: 64/126 MP: 4/39
    10 | D        | Killed a meat berserker
    10 | D        | Killed a bag of meat
    10 | D        | Reached ** piety under Makhleb
    10 | D        | Noticed a meat berserker
    10 | D        | Noticed a bag of meat
    11 | D        | Reached skill level 27 in Axes
    11 | D        | Reached XP level 15. HP: 68/132 MP: 4/41
    11 | D        | Killed a meat berserker
    12 | D        | Reached skill level 27 in Dodging
    12 | D        | Reached XP level 16. HP: 132/147 MP: 5/45
    12 | D        | Reached *** piety under Makhleb
    12 | D        | Noticed a meat berserker
    13 | D        | Reached skill level 10 in Armour
    16 | D        | Noticed a meat berserker
    17 | D        | Killed a meat berserker
    18 | D        | Reached skill level 15 in Invocations
    18 | D        | Reached XP level 17. HP: 168/168 MP: 6/52
    18 | D        | Killed a meat berserker
    18 | D        | Noticed a large bag of meat
    18 | D        | Noticed a meat berserker
    19 | D        | Killed a meat berserker
    19 | D        | Reached **** piety under Makhleb
    20 | D        | Reached skill level 27 in Spellcasting
    20 | D        | Gained mutation: You can hurl hellfire. [Djinni growth]
    20 | D        | Reached XP level 18. HP: 190/190 MP: 7/58
    20 | D        | Noticed a meat berserker
    21 | D        | Noticed a large bag of meat
    21 | D        | Noticed a destroyer
    21 | D        | Noticed a large bag of meat
    21 | D        | Noticed a meat berserker
    22 | D        | Killed a meat berserker
    23 | D        | Reached skill level 27 in Fighting
    23 | D        | Reached XP level 19. HP: 207/207 MP: 8/60
    23 | D        | Reached ***** piety under Makhleb
    24 | D        | Reached skill level 27 in Armour
    24 | D        | Reached skill level 27 in Invocations
    24 | D        | Reached skill level 10 in Throwing
    24 | D        | Noticed a large bag of meat
    25 | D        | Killed a large bag of meat
    26 | D        | Reached skill level 10 in Stealth
    26 | D        | Reached XP level 20. HP: 216/216 MP: 8/61
    26 | D        | Killed a meat berserker
    26 | D        | Killed a meat berserker
    26 | D        | Killed a large bag of meat
    27 | D        | Reached skill level 27 in Translocations
    27 | D        | Reached XP level 21. HP: 220/224 MP: 9/62
    27 | D        | Killed a destroyer
    27 | D        | Noticed a large bag of meat
    28 | D        | Reached ****** piety under Makhleb
    30 | D        | Reached XP level 22. HP: 227/233 MP: 10/63
    30 | D        | Noticed a destroyer
    30 | D        | Noticed a large bag of meat
    30 | D        | Noticed a destroyer
    32 | D        | Noticed a destroyer
    32 | D        | Killed a large bag of meat
    32 | D        | Killed a destroyer
    32 | D        | Noticed a destroyer
    33 | D        | Reached skill level 27 in Short Blades
    33 | D        | Reached skill level 27 in Throwing
    33 | D        | Reached skill level 27 in Stealth
    33 | D        | Reached skill level 27 in Unarmed Combat
    33 | D        | Reached XP level 23. HP: 240/240 MP: 10/64
    34 | D        | Noticed a destroyer
    34 | D        | Noticed a destroyer
    35 | D        | Killed a large bag of meat
    35 | D        | Killed a destroyer
    35 | D        | Killed a destroyer
    35 | D        | Noticed a large bag of meat
    36 | D        | Reached XP level 24. HP: 244/249 MP: 11/64
    38 | D        | Killed a large bag of meat
    38 | D        | Noticed a destroyer
    39 | D        | Reached XP level 25. HP: 249/257 MP: 12/64
    40 | D        | Killed a destroyer
    42 | D        | Reached XP level 26. HP: 262/266 MP: 13/64
    42 | D        | Killed a large bag of meat
    42 | D        | Killed a destroyer
    43 | D        | Killed a destroyer
    44 | D        | Reached XP level 27. HP: 266/273 MP: 14/64
    44 | D        | Killed a large bag of meat
    44 | D        | Noticed a tyrant
    45 | D        | Noticed a destroyer
    46 | D        | Killed a destroyer
    48 | D        | Noticed a tyrant
    48 | D        | Noticed a large bag of meat
    51 | D        | Killed a destroyer
    53 | D        | Noticed a destroyer
    56 | D        | Killed a large bag of meat
    56 | D        | Killed a tyrant
    57 | D        | Noticed The Servant
    57 | D        | Noticed a tyrant
    57 | D        | Noticed a destroyer
    58 | D        | Noticed a large bag of meat
    61 | D        | Killed a destroyer
    63 | D        | Noticed a tyrant
    65 | D        | Killed a tyrant
    66 | D        | Noticed a destroyer
    66 | D        | Noticed an accursed
    68 | D        | Killed a large bag of meat
    70 | D        | Killed a destroyer
    73 | D        | Noticed a destroyer
    75 | D        | Killed a destroyer
    77 | D        | Killed a tyrant
    79 | D        | Killed a tyrant
    81 | D        | HP: 9/273 [The Servant/+9 glaive of flaming (6)]
    82 | D        | Killed The Servant
    83 | D        | Killed an accursed
    85 | D        | Killed a destroyer
    86 | D        | Noticed a destroyer
    87 | D        | Noticed a tyrant
    88 | D        | Noticed a destroyer
    89 | D        | Noticed a destroyer
    89 | D        | Noticed a tyrant
    89 | D        | Noticed The Defiler
    89 | D        | Noticed an accursed
    89 | D        | HP: 9/273 [??? (7)]
    89 | D        | Killed from afar by a wretched soul

Skill      XL: |  1  2  3  4  5  6  7  8  9 10 11 12 13 14 15 16 17 18 19 20 21 22 |
---------------+-------------------------------------------------------------------+-----
Fighting       | 12 14 19 24 27 | 27.0
Axes           | 4 14 21 27 | 27.0
Throwing       | 9 14 19 23 27 | 27.0
Dodging        | 10 14 18 22 27 | 27.0
Spellcasting   | 15 17 22 27 | 27.0
Translocations | 21 24 27 | 27.0
Armour         | 7 13 19 22 27 | 27.0
Invocations    | 9 15 22 25 27 | 27.0
Short Blades   | 12 19 23 27 | 27.0
Stealth        | 10 16 20 27 | 27.0
Unarmed Combat | 12 19 23 27 | 27.0

Action                   |  1- 3 |  4- 6 |  7- 9 | 10-12 | 13-15 | 16-18 | 19-21 | 22-24 | 25-27 || total
-------------------------+-------+-------+-------+-------+-------+-------+-------+-------+-------++-------
Melee: Executioner's axe |     1 |       |       |     2 |     2 |     6 |     7 |     7 |    38 ||    63
Armor: Robe              |       |       |       |       |       |       |       |       |     1 ||     1
Dodge: Dodged            |       |       |       |       |       |       |       |       |     7 ||     7
